 Dungeon Crawl Stone Soup version 0.29.1-2-gbd0b4ee654 (webtiles) character file.

Game seed: 3954899358537909612

21598 croobank the Carver (level 12, -1/94 HPs)
             Began as a Demonspawn Conjurer on Nov 28, 2022.
             Was an Initiate of Gozag.
             Slain by Urug
             ... wielding a +3 halberd of protection
              (12 damage)
             ... on level 11 of the Dungeon.
             The game lasted 00:59:34 (13462 turns).

croobank the Carver (Demonspawn Conjurer)          Turns: 13462, Time: 00:59:35

Health: -1/94      AC: 18    Str:  8    XL:     12   Next: 55%
Magic:  19/21      EV: 13    Int: 24    God:    Gozag
Gold:   1562       SH:  0    Dex: 12    Spells: 10/23 levels left

rFire   . . .      SeeInvis .   O - +5 great sword of Mastery {vorpal, rN+ Will+}
rCold   + + .      Faith    .   (shield currently unavailable)
rNeg    + . .      Spirit   .   p - +1 leather armour {Will+}
rPois   .          Reflect  .   L - +2 hat {Will+}
rElec   .          Harm     .   y - +0 cloak
rCorr   .          Rampage  .   r - +3 pair of gauntlets of War {Slay+5}
Will    +++..      Rage     3%  (no boots)
Stlth   +++.......              (no amulet)
HPRegen 1.05/turn               k - ring of protection from cold
MPRegen 0.17/turn               f - +4 ring of protection

@: no status effects
A: icy blue scales 2, demonic guardian 1, powered by death 1, demonic touch 2,
hooves 1, berserk 1, cold resistance 1, regeneration 1
a: Renounce Religion, Potion Petition, Call Merchant, Bribe Branch


You were on level 11 of the Dungeon.
You worshipped Gozag.
Gozag was most pleased with you.
You visited 2 branches of the dungeon, and saw 12 of its levels.
You also visited: Bailey.

You collected 1780 gold pieces.
You spent 100 gold pieces at shops.
You paid 118 gold pieces to Gozag.

Inventory:

Hand Weapons
 a - a +3 dagger of venom
 b - a +0 sling
 g - a +0 war axe
 l - a +0 vampiric scimitar
 n - a +3 flail
 I - a +7 long sword of flaming
 K - the +5 whip of Demand {vorpal, +Blink rC- Int+4}
   (You found it on level 9 of the Dungeon)

   It inflicts extra damage upon your enemies.
   Int:       It affects your intelligence (+4).
   rC:        It makes you vulnerable to cold.
   +Blink:    It lets you blink.
 O - the +5 great sword of Mastery (weapon) {vorpal, rN+ Will+}
   (You found it in a bailey)

   It inflicts extra damage upon your enemies.
   rN:        It protects you from negative energy.
   Will:      It increases your willpower.
Missiles
 m - 24 poisoned darts
 o - 14 boomerangs
Armour
 p - a +1 leather armour of willpower (worn)
 r - the +3 pair of gauntlets of War (worn) {Slay+5}
   (You found it on level 3 of the Dungeon)

   Slay:      It affects your accuracy & damage with ranged weapons and melee
   (+5).
 y - a +0 cloak (worn)
 J - +0 steam dragon scales
 L - a +2 hat of willpower (worn)
Jewellery
 f - a +4 ring of protection (right hand)
 k - a ring of protection from cold (left hand)
 t - a ring of resist corrosion
 F - a ring of flight
Wands
 q - a wand of iceblast (3)
 s - a wand of light (8)
 E - a wand of flame (36)
 H - a wand of charming (12)
Scrolls
 c - 2 scrolls of blinking
 d - a scroll of immolation
 u - 2 scrolls of magic mapping
 v - 2 scrolls of amnesia
 x - 2 scrolls of fear
 B - 4 scrolls of teleportation
 P - a scroll of identify
 Q - a scroll of vulnerability
Potions
 e - a potion of invisibility
 i - 5 potions of mutation
 j - 4 potions of cancellation {unknown}
 w - 2 potions of curing
 z - 3 potions of attraction {unknown}
 A - a potion of ambrosia {unknown}
 C - a potion of lignification {unknown}
 D - a potion of flight {unknown}
 M - 2 potions of might {unknown}
 N - a potion of haste
Miscellaneous
 h - a box of beasts


   Skills:
 - Level 8.7 Fighting
 + Level 9.9 Long Blades
 - Level 5.0 Ranged Weapons
 - Level 6.3 Dodging
 - Level 6.7 Stealth
 - Level 6.2 Spellcasting
 - Level 7.7 Conjurations
 - Level 5.0 Hexes


You had 10 spell levels left.
You knew the following spells:

 Your Spells              Type           Power      Damage    Failure   Level
a - Magic Dart            Conj           100%       1d8       1%          1
b - Searing Ray           Conj           88%        2d7       1%          2
c - Dazzling Flash        Conj/Hex       76%        N/A       2%          3
d - Tukima's Dance        Hex            31%        N/A       4%          3
e - Iskenderun's Mystic   Conj/Tloc      26%        2d7       22%         4

Your spell library contained the following spells:

 Spells                   Type           Power      Damage    Failure   Level
 Shock                    Conj/Air       100%       1d9       2%          1
 Fulminant Prism          Conj/Hex       19%        3d11      9%          4
 Portal Projectile        Hex/Tloc       38%        N/A       12%         3
 Iskenderun's Battlesphe  Conj           44%        2d10      13%         5
 Leda's Liquefaction      Hex/Erth       9%         N/A       38%         4
 Fireball                 Conj/Fire      13%        3d7       54%         5
 Lightning Bolt           Conj/Air       13%        1d26      54%         5
 Airstrike                Air            3%         2d(1-17)  75%         4
 Summon Lightning Spire   Summ/Air       7%         N/A       75%         4
 Blade Hands              Tmut           3%         N/A       97%         5
 Lee's Rapid Deconstruct  Erth           3%         3d6*      97%         5
 Conjure Ball Lightning   Conj/Air       13%        3x3d6     98%         6
 Orb of Destruction       Conj           22%        9d8       98%         7
 Statue Form              Tmut/Erth      4%         N/A       100%        6


Dungeon Overview and Level Annotations

Branches:
Dungeon (11/15)            Temple (1/1) D:4            Lair (0/5) D:10
 Bailey (visited)
    Orc: D:9-12

Altars:
Ashenzari
Cheibriados
Dithmenos
Fedhas
Gozag
Hepliaklqana
Kikubaaqudgha
Makhleb
Nemelex Xobeh
Okawaru
Qazlal
Ru
Sif Muna
Trog
Uskayaw
Vehumet
Wu Jian
Xom
Yredelemnul

Shops:
D:1 (   D:3 [   D:6 =

Annotations:
D:4 2 transporters
D:5 1 runed translucent door, Crazy Yiuf
D:11 Urug


Innate Abilities, Weirdness & Mutations

You are mostly covered in icy blue scales. (AC +3)
A weak demonic guardian rushes to your aid.
You regenerate a little health from kills.
Your touch may inflict irresistible damage on your foes.
You have large cloven feet.
You sometimes lose your temper in combat.
Your flesh is cold resistant. (rC+)
Your natural rate of healing is unusually fast.


Message History

Urug closely misses you.
You slash Urug!
Urug is almost dead.
Urug misses you.
You closely miss Urug. You kick Urug, but do no damage.
Urug is almost dead.
Urug hits you with a +3 halberd of protection!!
* * * LOW HITPOINT WARNING * * *
A demonic guardian appears!
Urug completely misses you.
You completely miss Urug. You kick Urug, but do no damage.
Urug is almost dead.
Your quasit bites Urug.
Your quasit barely misses Urug.
Your quasit closely misses Urug.
Urug closely misses your quasit.
You closely miss Urug. Your kick misses Urug.
Urug is almost dead.
Your quasit closely misses Urug.
Your quasit claws Urug.
Your quasit claws Urug but does no damage.
Urug roars.
Urug hits your quasit with a +3 halberd of protection!
Your quasit bites Urug.
Your quasit closely misses Urug.
Your quasit claws Urug but does no damage.
You barely miss Urug.
Urug is almost dead.
Urug hits you with a +3 halberd of protection!
* * * LOW HITPOINT WARNING * * *
Your quasit bites Urug but does no damage.
Your quasit claws Urug but does no damage.
Your quasit closely misses Urug.
Casting: Searing Ray (safe; 1% risk of failure)
Confirm with . or Enter, or press ? or * to list all spells.
Aiming: Searing Ray (safe; 1% risk of failure)
Press: ? - help, Shift-Dir - straight line, f - Urug
Aim: Urug, wielding a +3 halberd of protection, wearing a +1 chain mail of poison resistance and quivering javelins (almost dead, not watching you, ally target, 80% to hit)
The searing ray hits Urug but does no damage.
Urug is almost dead. (Press . to maintain the ray.)
Your quasit bites Urug.
Your quasit closely misses Urug. x2
Urug hits you with a +3 halberd of protection!
You die...
Your body crumbles into a pile of gold.

#.#^..##..#..#........#
..##..##..##.#........#
...#..................#
#....##........########
#..#.........#.#
...............##
..#.........#...#
.......######.#.###
.#.....# #...@.#
.#.....# ###..o.#
...##### ###5.".# ..##
##### ###


You could see Urug (ally target) and a friendly quasit (summoned).

Vanquished Creatures
  An orc warlord (Bailey)
  A two-headed ogre (D:8)
  A boulder beetle (D:9)
  Erica (D:9)
  A cyclops (D:11)
  Maurice (D:8)
  Maggie (D:9)
  Joseph (D:10)
  An unseen horror (D:11)
  A hornet (D:9)
  A vampire (D:11)
  Eustachio (D:5)
  A shadow (D:10)
  11 yaks
  Grum (D:9)
  3 redbacks (D:9)
  6 vampire mosquitoes
  An acid dragon (D:11)
  9 orc warriors
  A sky beast (D:6)
  3 ice beasts
  2 ogres
  4 wolves (D:9)
  3 centaurs
  3 bullfrogs
  3 scorpions
  10 killer bees
  3 howler monkeys
  3 hounds
  4 orc priests
  2 iguanas
  13 orc wizards
  5 gnolls
  6 adders
  2 river rats (D:5)
  2 white imps
  2 ufetubi
  3 worms
  2 dart slugs
  37 orcs
  9 ball pythons
  10 endoplasms
  3 giant cockroaches
  16 goblins
  9 hobgoblins
  4 jackals (D:3)
  14 kobolds
  4 quokkas
  7 bats
  A frilled lizard (D:2)
  28 rats
262 creatures vanquished.

Vanquished Creatures (collateral kills)
  A two-headed ogre (D:10)
  A lindwurm (D:9)
  A scorpion (D:4)
  2 lava snakes (D:9)
  An orc priest (D:4)
6 creatures vanquished.

Vanquished Creatures (others)
  8 plants
8 creatures vanquished.

Grand Total: 276 creatures vanquished

Notes
Turn   | Place    | Note
-------+----------+-------------------------------------------
     0 | D:1      | croobank the Demonspawn Conjurer began the quest for the
                  | Orb.
     0 | D:1      | Reached XP level 1. HP: 13/13 MP: 3/3
     2 | D:1      | Noticed a meteoran
     2 | D:1      | Noticed a human
     4 | D:1      | Noticed a felid
     4 | D:1      | Noticed a gargoyle
     6 | D:1      | Noticed a demigod
     6 | D:1      | Noticed a draconian
     8 | D:1      | Noticed a spriggan
    10 | D:1      | Noticed a demonspawn
    10 | D:1      | Noticed an elf
    12 | D:1      | Noticed a ghoul
    14 | D:1      | Noticed a troll
    14 | D:1      | Noticed a vine stalker
    16 | D:1      | Noticed a naga
    16 | D:1      | Noticed an octopode
    18 | D:1      | Noticed a tengu
    18 | D:1      | Noticed an ogre
    20 | D:1      | Noticed a minotaur
    20 | D:1      | Noticed a vampire
    22 | D:1      | Noticed a formicid
    24 | D:1      | Noticed a meteoran
    24 | D:1      | Noticed a merfolk
    26 | D:1      | Noticed a naga
    26 | D:1      | Noticed a naga
   378 | D:1      | Found a faded altar of an unknown god.
   384 | D:1      | Got Plato's Treatise on Feathers
   410 | D:1      | Gained mutation: Your touch may inflict minor irresistible
                  | damage on your foes. [demonic ancestry]
   410 | D:1      | Reached XP level 2. HP: 19/19 MP: 1/5
   413 | D:1      | Learned a level 2 spell: Searing Ray
   612 | D:1      | Found Lugh's Weapon Shoppe.
   860 | D:1      | Reached XP level 3. HP: 24/24 MP: 0/6
  1273 | D:2      | You fall into a shaft and drop 2 floors!
  1281 | D:4      | Noticed a scorpion
  1291 | D:4      | Killed a scorpion
  1292 | D:4      | Gained mutation: You regenerate a little health from kills.
                  | [demonic ancestry]
  1292 | D:4      | Reached XP level 4. HP: 30/30 MP: 6/8
  1296 | D:4      | Learned a level 3 spell: Dazzling Flash
  1302 | D:4      | Found a staircase to the Ecumenical Temple.
  1313 | Temple   | Entered the Ecumenical Temple
  2093 | D:2      | Reached XP level 5. HP: 22/35 MP: 0/9
  2473 | D:3      | Found Ybbibril's Antique Armour Shop.
  2483 | D:3      | Bought a runed leather armour for 100 gold pieces
  2764 | D:3      | Found the +3 pair of gauntlets of War {Slay+5}
  3198 | D:4      | Reached skill level 1 in Fighting
  3199 | D:4      | Gained mutation: Your touch may inflict irresistible damage
                  | on your foes. [demonic ancestry]
  3199 | D:4      | Reached XP level 6. HP: 10/43 MP: 3/10
  3464 | D:4      | Reached skill level 1 in Hexes
  3491 | D:4      | Noticed an ice beast
  3500 | D:4      | Killed an ice beast
  3501 | D:4      | Reached skill level 1 in Ranged Weapons
  3501 | D:4      | Reached skill level 5 in Conjurations
  3715 | D:4      | Found a transporter.
  3727 | D:4      | Found a transporter.
  4330 | D:5      | Entered Level 5 of the Dungeon
  4417 | D:5      | Gained mutation: You are partially covered in icy blue
                  | scales. (AC +2) [demonic ancestry]
  4417 | D:5      | Reached XP level 7. HP: 25/51 MP: 5/12
  4718 | D:5      | Noticed Eustachio
  4756 | D:5      | Killed Eustachio
  5429 | D:5      | Found a runed translucent door.
  5430 | D:5      | Noticed Crazy Yiuf
  6148 | D:6      | Reached XP level 8. HP: 58/60 MP: 1/13
  6258 | D:6      | Found an opulent altar of Gozag.
  6258 | D:6      | Found a shimmering altar of Xom.
  6263 | D:6      | Became a worshipper of Gozag Ym Sagoz the Greedy
  6887 | D:6      | Found a hazy altar of Hepliaklqana.
  7324 | D:6      | Found Suejoimyw's Jewellery Shoppe.
  8254 | D:7      | Reached skill level 5 in Fighting
  8709 | D:7      | Reached XP level 9. HP: 57/68 MP: 4/15
  9398 | D:8      | Noticed Maurice
  9408 | D:8      | Killed Maurice
  9409 | D:8      | Reached skill level 5 in Stealth
  9511 | D:8      | Noticed a two-headed ogre
  9523 | D:8      | Killed a two-headed ogre
  9524 | D:8      | Reached skill level 5 in Dodging
  9524 | D:8      | Reached skill level 5 in Spellcasting
 10020 | D:8      | Gained mutation: Your flesh is cold resistant. (rC+)
                  | [potion of mutation]
 10020 | D:8      | Gained mutation: You sometimes lose your temper in combat.
                  | [potion of mutation]
 10020 | D:8      | Gained mutation: You have large cloven feet. [potion of
                  | mutation]
 10020 | D:8      | Gained mutation: Your natural rate of healing is unusually
                  | fast. [potion of mutation]
 10830 | D:9      | Noticed Erica
 10843 | D:9      | Killed Erica
 10844 | D:9      | Gained mutation: You are mostly covered in icy blue scales.
                  | (AC +3) [demonic ancestry]
 10844 | D:9      | Reached XP level 10. HP: 33/79 MP: 7/18
 11028 | D:9      | Noticed Grum
 11047 | D:9      | Killed Grum
 11047 | D:9      | Noticed Maggie
 11070 | D:9      | Killed Maggie
 11071 | D:9      | Reached skill level 5 in Hexes
 11531 | D:9      | Found a runed translucent door.
 11554 | D:9      | Identified the +5 whip of Demand {vorpal, +Blink rC- Int+4}
 11565 | D:9      | Found a runed translucent gate.
 11565 | D:9      | Found a runed translucent gate.
 11565 | D:9      | Found a runed translucent gate.
 11565 | D:9      | Found a runed translucent gate.
 11565 | D:9      | Found a runed translucent gate.
 11565 | D:9      | Noticed a boulder beetle
 11620 | D:9      | Found a runed translucent gate.
 11620 | D:9      | Noticed a lindwurm
 11643 | D:9      | Identified a scroll of acquirement
 11664 | D:9      | Killed a boulder beetle
 11905 | D:9      | Killed a lindwurm
 11985 | D:10     | Entered Level 10 of the Dungeon
 11993 | D:10     | Acquired a book of the Earth
 12007 | D:10     | Reached skill level 5 in Ranged Weapons
 12020 | D:10     | Gained mutation: A weak demonic guardian rushes to your
                  | aid. [demonic ancestry]
 12020 | D:10     | Reached XP level 11. HP: 87/87 MP: 20/20
 12088 | D:10     | Noticed a two-headed ogre
 12093 | D:10     | Learned a level 3 spell: Tukima's Dance
 12102 | D:10     | Killed a two-headed ogre
 12213 | D:10     | Found a flagged portal.
 12294 | Bailey   | Entered a bailey
 12299 | Bailey   | Noticed an orc warlord
 12358 | Bailey   | Reached skill level 1 in Long Blades
 12492 | Bailey   | Found a runed translucent gate.
 12493 | Bailey   | Found a runed translucent gate.
 12494 | Bailey   | Found a runed translucent gate.
 12693 | Bailey   | Learned a level 4 spell: Iskenderun's Mystic Blast
 12710 | Bailey   | Killed an orc warlord
 12711 | Bailey   | Reached skill level 3 in Long Blades
 12718 | Bailey   | Reached skill level 8 in Long Blades
 12718 | Bailey   | Reached XP level 12. HP: 29/94 MP: 21/21
 12733 | Bailey   | Identified the +5 great sword of Mastery {vorpal, rN+
                  | Will+}
 12873 | D:10     | Noticed Joseph
 12885 | D:10     | Killed Joseph
 12911 | D:10     | Found a staircase to the Lair.
 13016 | D:10     | Reached skill level 9 in Long Blades
 13444 | D:11     | Noticed Urug
 13462 | D:11     | Slain by Urug

Illustrated notes

Levels and vault maps discovered:
D:1:      kb_arrival_jail, layout_rooms, serial_shops, shop,
          shapermc_ecumenical_altar_rom_forum, kennysheep_pointless_box,
          st_stairs_2
D:2:      layout_rooms
D:3:      minmay_recursive_quarters, layout_rooms, serial_shops,
          nicolae_shop_window_shopping, minmay_rat_hole
D:4:      gammafunk_wand_slinger, layout_rooms, minmay_temple_entry_hall,
          serial_corexii_hall, chequers_hall_statues_wall_a,
          chequers_hall_statues_wall_a, corexii_hall_statues_l,
          chequers_hall_statues_corner_a, corexii_hall_statues_x,
          chequers_hall_statues_corner_a, serial_park_tiny_pond
D:5:      layout_basic, lightli_sewer_entry_pipes, serial_bayou_crossing,
          uniq_crazy_yiuf_cottage, uniq_eustachio
D:6:      layout_rooms, old_standard_altar, nicolae_overflow_two_pavilions,
          serial_shops, shop
D:7:      layout_rooms
D:8:      layout_loops_ring, kennysheep_generic_room_14, uniq_maurice
D:9:      gammafunk_indiana_jones, layout_basic, nrook_uturn,
          minmay_misc_feat_ornament, uniq_erica, uniq_maggie, uniq_grum
D:10:     layout_rooms, lair_entry_dummy, enter_bailey_8, uniq_joseph
D:11:     layout_rooms, uniq_urug
Temple:   compressed_dpeg_triangle_lava_temple

Skill      XL: |  1  2  3  4  5  6  7  8  9 10 11 12 |
---------------+-------------------------------------+-----
Dodging        | 2 3 4 5 6 |  6.3
Stealth        | 2 3 4 5 6 |  6.7
Spellcasting   | 3 4 5 6 |  6.2
Fighting       | 1 2 3 5 7 8 |  8.7
Hexes          | 1 2 3 4 5 |  5.0
Ranged Weapons | 1 2 3 4 5 |  5.0
Conjurations   | 5 6 7 |  7.7
Long Blades    | 8 9 |  9.9

Action                   |  1- 3 |  4- 6 |  7- 9 | 10-12 || total
-------------------------+-------+-------+-------+-------++-------
Melee: Unarmed           |     8 |       |       |       ||     8
       Dagger            |     4 |    19 |    25 |    10 ||    58
       Punch             |     1 |       |       |       ||     1
       Touch             |     2 |     3 |     9 |    16 ||    30
       Scimitar          |       |     1 |       |    17 ||    18
       Flail             |       |       |     8 |       ||     8
       Kick              |       |       |       |    45 ||    45
       Whip              |       |       |       |    29 ||    29
       Long sword        |       |       |       |    17 ||    17
       Great sword       |       |       |       |    63 ||    63
 Fire: Sling             |     4 |   131 |       |       ||   135
 Cast: Magic Dart        |    40 |    16 |    81 |    27 ||   164
       Searing Ray       |     2 |    26 |    86 |    24 ||   138
       Dazzling Flash    |       |     4 |     3 |     3 ||    10
       Tukima's Dance    |       |       |       |     2 ||     2
Evoke: Wand              |       |       |       |     2 ||     2
  Use: Scroll            |     4 |     9 |     6 |    10 ||    29
       Potion            |     1 |       |     2 |    10 ||    13
 Stab: Invisible         |       |     2 |       |     1 ||     3
       Sleeping          |       |       |     1 |     2 ||     3
       Distracted        |       |       |       |     1 ||     1
Armor: Robe              |     4 |     8 |       |       ||    12
       Leather armour    |       |    25 |    47 |    69 ||   141
Dodge: Dodged            |     9 |    53 |   100 |   114 ||   276
